 Dungeon Crawl Stone Soup version 0.21.1-1-g345015f (webtiles) character file.

2265 empire the Carver (level 9, -2/70 HPs)
             Began as a Minotaur Fighter on Apr 25, 2018.
             Slain by a two-headed ogre
             ... wielding a +0 giant spiked club
              (10 damage)
             ... on level 6 of the Dungeon.
             The game lasted 00:12:31 (5351 turns).

empire the Carver (Minotaur Fighter)                Turns: 5351, Time: 00:12:32

Health: -2/70      AC: 19    Str: 25    XL:     9   Next: 16%
Magic:  8/8        EV:  6    Int:  5    God:
Gold:   259        SH: 11    Dex:  9    Spells: 8/8 levels left

rFire    . . .     SeeInvis .   a - +0 scimitar
rCold    . . .     Gourm    .   c - +0 shield
rNeg     . . .     Faith    .   q - +0 plate armour
rPois    .         Spirit   .   n - +1 hat
rElec    .         Reflect  .   (no cloak)
rCorr    .         Harm     .   r - +2 pair of gloves {archery}
MR       .....                  m - +0 pair of boots
Stlth    ..........             (no amulet)
HPRegen  0.21/turn              (no ring)
MPRegen  0.11/turn              (no ring)

@: no status effects
A: retaliatory headbutt, horns 2
a: no special abilities


You were on level 6 of the Dungeon.
You were not hungry.

You visited 1 branch of the dungeon, and saw 6 of its levels.

You collected 259 gold pieces.

Inventory:

Hand Weapons
 a - a +0 scimitar (weapon)
Armour
 c - a +0 shield (worn)
 m - a +0 pair of boots (worn)
 n - a +1 hat (worn)
 q - a +0 plate armour (worn)
 r - a +2 pair of gloves of archery (worn)
Wands
 p - a wand of random effects (52)
Scrolls
 b - 4 scrolls of remove curse
 g - 4 scrolls of identify
 h - a scroll of noise
 i - a scroll of blinking
 k - a scroll of amnesia {unknown}
 v - a scroll of enchant armour
Potions
 e - a potion of degeneration
 j - a potion of resistance {unknown}
 o - 2 potions of brilliance
 t - a potion of flight {unknown}
 u - 2 potions of heal wounds {unknown}
Books
 s - a Fen Folio

   Spells                             Type                      Level
   a - Corpse Rot                     Necromancy                   2
   b - Stone Arrow                    Conjuration/Earth            3
   c - Leda's Liquefaction            Hexes/Earth                  4
   d - Summon Forest                  Summoning/Translocation      5
   e - Hydra Form                     Transmutation                6
   f - Summon Hydra                   Summoning                    7
Comestibles
 d - 12 chunks of flesh
 f - 15 rations


   Skills:
 - Level 3.6 Fighting
 * Level 10.5 Long Blades
 + Level 8.1 Armour
 + Level 8.2 Shields


You had 8 spell levels left.
You didn't know any spells.

Dungeon Overview and Level Annotations

Branches:
Dungeon (6/15)
 Temple: D:4-7

Altars:
Ashenzari
Fedhas
Hepliaklqana
Makhleb
Qazlal
Trog
Vehumet
Xom


Innate Abilities, Weirdness & Mutations

You reflexively headbutt those who attack you in melee.
You have a pair of horns on your head.


Message History

You headbutt the two-headed ogre.
The two-headed ogre is heavily wounded.
You block the two-headed ogre's attack.
The two-headed ogre hits you with a giant club.
You barely miss the two-headed ogre.
The two-headed ogre is heavily wounded.
You slash the two-headed ogre! You headbutt the two-headed ogre!
The two-headed ogre is almost dead.
The two-headed ogre hits you with a giant spiked club!
* * * LOW HITPOINT WARNING * * *
The two-headed ogre hits you with a giant club!
* * * LOW HITPOINT WARNING * * *
You feel better.
The two-headed ogre hits you with a giant spiked club!
* * * LOW HITPOINT WARNING * * *
The two-headed ogre barely misses you.
You closely miss the two-headed ogre. You headbutt the two-headed ogre.
The two-headed ogre is almost dead.
The two-headed ogre hits you with a giant spiked club!
You die...

#.#################. #.#..
........ #.#.# ########.
#.#.# .......). #.#.#
##########.
#.#.####.##.........
####.#......##.........
#....#O.....##.........
#....#@.....##.........
#....#......##........#
#...........##..[[....#
................'....[...+
#.#####.#..##..##........#
. .....>......)......'
##.#...#.##..)......#
#.#...# ##..########
#.#...# #..........


You could see a two-headed ogre.

Vanquished Creatures
  Grinder (D:3)
  The ghost of Supreme the Magician, an amateur DEWz (D:3)
  An ice beast (D:5)
  An orc warrior (D:6)
  A black bear (D:3)
  A phantom (D:5)
  3 ogres
  2 centaurs
  Blork the orc (D:5)
  A bullfrog (D:5)
  A scorpion (D:4)
  4 wights (D:6)
  A crimson imp (D:5)
  5 hounds
  2 bullfrog skeletons
  A centaur zombie (D:5)
  4 orc wizards
  An iguana (D:6)
  3 worker ants
  Terence (D:3)
  A killer bee zombie (D:6)
  A howler monkey zombie (D:5)
  12 gnolls
  7 adders
  A shadow imp (D:5)
  3 oozes
  4 worms
  6 dart slugs
  2 leopard geckos
  13 orcs
  4 giant cockroaches
  16 goblins
  8 hobgoblins
  6 jackals
  9 kobolds
  2 quokkas
  3 bats
  7 frilled lizards
  A jackal zombie (D:6)
  11 rats
  3 bushes (D:4)
156 creatures vanquished.

Notes
Turn   | Place    | Note
-------+----------+-------------------------------------------
     0 | D:1      | empire the Minotaur Fighter began the quest for the Orb.
     0 | D:1      | Reached XP level 1. HP: 19/19 MP: 0/0
    50 | D:1      | Reached skill level 3 in Long Blades
    50 | D:1      | Reached XP level 2. HP: 26/26 MP: 1/1
   200 | D:1      | Reached XP level 3. HP: 28/31 MP: 2/2
   717 | D:2      | Reached skill level 4 in Long Blades
   886 | D:2      | Reached XP level 4. HP: 39/39 MP: 3/3
  1243 | D:2      | Found a shattered altar of Ashenzari.
  1260 | D:2      | Found a bloodstained altar of Trog.
  1260 | D:2      | Found a radiant altar of Vehumet.
  1576 | D:3      | Noticed Grinder
  1580 | D:3      | Paralysed by Grinder for 6 turns
  1873 | D:3      | Killed Grinder
  1873 | D:3      | Reached skill level 5 in Long Blades
  1873 | D:3      | Reached skill level 5 in Armour
  1873 | D:3      | Reached skill level 5 in Shields
  1873 | D:3      | Reached XP level 5. HP: 7/45 MP: 4/4
  1873 | D:3      | Reached XP level 6. HP: 8/51 MP: 5/5
  2143 | D:3      | Reached skill level 6 in Long Blades
  2209 | D:3      | Noticed Terence
  2215 | D:3      | Killed Terence
  2317 | D:3      | Reached XP level 7. HP: 57/57 MP: 6/6
  2318 | D:3      | Found a shimmering altar of Xom.
  2407 | D:3      | Noticed Supreme's ghost (amateur DEWz)
  2413 | D:3      | Killed Supreme's ghost
  2413 | D:3      | Reached skill level 7 in Long Blades
  2494 | D:3      | Found a hazy altar of Hepliaklqana.
  2697 | D:4      | Found a blossoming altar of Fedhas.
  3005 | D:4      | Reached skill level 8 in Long Blades
  3764 | D:4      | Reached XP level 8. HP: 64/64 MP: 7/7
  3867 | D:5      | Entered Level 5 of the Dungeon
  3897 | D:5      | Found a stormy altar of Qazlal.
  3904 | D:5      | Noticed Blork the orc
  3918 | D:5      | Killed Blork the orc
  4109 | D:5      | Reached skill level 9 in Long Blades
  4390 | D:5      | Found a burning altar of Makhleb.
  4890 | D:6      | Reached skill level 10 in Long Blades
  5161 | D:6      | Reached XP level 9. HP: 65/70 MP: 8/8
  5271 | D:5      | Found a shimmering altar of Xom.
  5340 | D:6      | Noticed a two-headed ogre
  5351 | D:6      | Slain by a two-headed ogre

Skill      XL: |  1  2  3  4  5  6  7  8  9 |
---------------+----------------------------+-----
Long Blades    | 3 4 5 6 8 10 | 10.5
Armour         | 4 5 6 7 8 |  8.1
Shields        | 4 5 6 7 8 |  8.2
Fighting       | |  3.6

Action                   |  1- 3 |  4- 6 |  7- 9 || total
-------------------------+-------+-------+-------++-------
Melee: Long sword        |    72 |   122 |   364 ||   558
       Headbutt          |     6 |    31 |   104 ||   141
       Scimitar          |       |       |    65 ||    65
  Use: Potion            |       |     3 |     3 ||     6
       Scroll            |       |       |     8 ||     8
 Stab: Distracted        |       |       |     1 ||     1
  Eat: Chunk             |       |     5 |    10 ||    15
Armor: Scale mail        |    24 |     1 |       ||    25
       Chain mail        |       |    60 |    33 ||    93
       Plate armour      |       |       |   151 ||   151
       Skin              |       |       |     9 ||     9
Dodge: Dodged            |    20 |    32 |    68 ||   120
Block: Shield            |    31 |    73 |   180 ||   284
       Rpst.: Long sword |     2 |    12 |    14 ||    28
       Scimitar          |       |       |     6 ||     6
